 Dungeon Crawl Stone Soup version 0.23.2-30-g0e89c35649 (webtiles) character file.

Game seed: 14308381429041896546

889 shadizar the Chopper (level 7, -3/63 HPs)
             Began as a Minotaur Fighter on June 9, 2019.
             Was an Initiate of Okawaru.
             Killed by divine providence
             ... invoked by an orc priest
              (13 damage)
             ... on level 6 of the Dungeon.
             The game lasted 00:06:04 (4537 turns).

shadizar the Chopper (Minotaur Fighter)             Turns: 4537, Time: 00:06:05

Health: -3/63      AC: 11    Str: 22    XL:     7   Next: 77%
Magic:  7/7        EV:  7    Int:  5    God:    Okawaru [......]
Gold:   124        SH: 10    Dex: 13    Spells: 6/6 levels left

rFire    . . .     SeeInvis .   a - +0 war axe
rCold    . . .     Gourm    .   c - +0 shield
rNeg     . . .     Faith    .   r - +0 chain mail
rPois    .         Spirit   .   (helmet restricted)
rElec    .         Reflect  .   (no cloak)
rCorr    .         Harm     .   v - +0 pair of gloves {Dex+3}
MR       .....                  (no boots)
Stlth    ..........             (no amulet)
HPRegen  0.20/turn              (no ring)
MPRegen  0.10/turn              (no ring)

@: no status effects
A: retaliatory headbutt, horns 2
a: Renounce Religion


You were on level 6 of the Dungeon.
You worshipped Okawaru.
Okawaru was noncommittal.
You were not hungry.

You visited 2 branches of the dungeon, and saw 7 of its levels.

You collected 124 gold pieces.

Inventory:

Hand Weapons
 a - a +0 war axe (weapon)
 q - a +2 flail of protection
Armour
 b - a +1 pair of gloves
 c - a +0 shield (worn)
 r - a +0 chain mail (worn)
 v - a +0 pair of gloves of dexterity (worn)
 C - a +0 plate armour
Jewellery
 A - an uncursed ring of ice {unknown}
Scrolls
 e - 2 scrolls of random uselessness {unknown}
 g - 2 scrolls of magic mapping {unknown}
 h - 4 scrolls of teleportation {unknown}
 i - 2 scrolls of amnesia {unknown}
 j - 10 scrolls of identify {unknown}
 l - 3 scrolls of fog {unknown}
 n - 2 scrolls of remove curse {unknown}
 s - a scroll of noise {unknown}
 t - a scroll of enchant weapon {unknown}
 u - a scroll of enchant armour {unknown}
 y - a scroll of immolation {unknown}
Potions
 d - a potion of might
 k - a potion of agility {unknown}
 m - a potion of lignification {unknown}
 o - 4 potions of curing {unknown}
 p - a potion of magic {unknown}
 w - a potion of ambrosia {unknown}
 x - 3 potions of flight {unknown}
 z - a potion of brilliance {unknown}
Comestibles
 f - 12 rations
 B - 4 chunks of flesh


   Skills:
 + Level 6.2 Fighting
 + Level 6.4 Axes
 + Level 5.8 Armour
 + Level 2.3 Dodging
 - Level 0.2 Stealth
 + Level 5.4 Shields
 + Level 1.3 Invocations


You had 6 spell levels left.
You didn't know any spells.
Your spell library contained the following spells:

 Spells                   Type           Power        Failure   Level  Hunger
 Ignite Poison            Fire/Tmut/Pois #.......     100%        3    ####...
 Fireball                 Conj/Fire      #.........   100%        5    ######.
 Bolt of Fire             Conj/Fire      #.........   100%        6    #######
 Ring of Flames           Chrm/Fire      #.........   100%        7    #######
 Ignition                 Fire           #.........   100%        8    #######


Dungeon Overview and Level Annotations

Branches:
Dungeon (6/15)             Temple (1/1) D:5

Altars:
Ashenzari
Cheibriados
Dithmenos
Elyvilon
Fedhas
Gozag
Hepliaklqana
Kikubaaqudgha
Makhleb
Nemelex Xobeh
Okawaru
Ru
Sif Muna
Trog
Uskayaw
Vehumet
Wu Jian
Xom
Yredelemnul
Zin

Annotations:
D:2 Sigmund


Innate Abilities, Weirdness & Mutations

You reflexively headbutt those who attack you in melee.
You have a pair of horns on your head.


Message History

Eating one of 5 chunks of flesh.
You eat one of the 5 chunks of flesh.
This raw flesh tastes terrible.
An orc comes into view. 2 orc priests come into view.
The orc priest shouts! x2; The orc shouts!
You see here a +1 short sword of freezing.
The orc priest mumbles some strange prayers to Beogh against you.
Beogh smites you!
* * * LOW HITPOINT WARNING * * *
The orc priest looks encouraged for a moment.
Items here: )) [[ † a +0 flail; a +0 ring mail; a +0 short sword; a +0 leather armour an orc corpse You see here 5 large rocks.
The orc priest mumbles some strange prayers to Beogh against you.
Beogh smites you!
* * * LOW HITPOINT WARNING * * *
The orc priest mumbles some strange prayers to Beogh against you.
Beogh smites you!
You die...

#.##.#.# #
###.##.#.#.#..
#.............
#.#............#.......
#.####.#.#.#...........
#.# #<# #.#.>.........
#.# ### #.#...........
#.# #.#.........# #.#
#@#.........# #.#
#.#.#..o......# #.#
#.#.#..)).....# #.#
#.#o#...).....# #.#
#.#.#.o.[.....# #.#
#.#.#.######### #[#
#.#(#.# #.#
#.#.o.######
#.######.##.........


You could see an orc priest and an orc.

Vanquished Creatures
  An orc warrior (D:6)
  A sky beast (D:5)
  A phantom (D:6)
  A centaur (D:5)
  A howler monkey (D:5)
  A crimson imp (D:6)
  A centaur zombie (D:5)
  A jelly (D:5)
  5 orc priests
  An iguana (D:5)
  A worker ant (D:6)
  8 gnolls
  5 adders
  2 oozes (D:4)
  An adder zombie (D:6)
  A worm (D:2)
  A dart slug (D:5)
  A leopard gecko (D:2)
  11 orcs
  5 bats
  3 giant cockroaches
  6 goblins
  2 hobgoblins
  13 jackals
  4 quokkas
  2 frilled lizards
  A jackal skeleton (D:6)
  3 kobolds (D:1)
  A leopard gecko skeleton (D:5)
  2 rats (D:1)
87 creatures vanquished.

Vanquished Creatures (others)
  A plant (D:5)
1 creature vanquished.

Grand Total: 88 creatures vanquished

Notes
Turn   | Place    | Note
-------+----------+-------------------------------------------
     0 | D:1      | shadizar the Minotaur Fighter began the quest for the Orb.
     0 | D:1      | Reached XP level 1. HP: 19/19 MP: 0/0
   160 | D:1      | Reached XP level 2. HP: 23/27 MP: 1/1
  1113 | D:2      | Noticed Sigmund
  1478 | D:3      | Reached XP level 3. HP: 33/33 MP: 2/2
  1645 | D:3      | Reached XP level 4. HP: 26/41 MP: 3/3
  1964 | D:4      | Found a bloodstained altar of Trog.
  1985 | D:4      | Found a blossoming altar of Fedhas.
  2053 | D:4      | Got a heavily jewelled robe
  2101 | D:3      | Reached skill level 5 in Fighting
  2282 | D:4      | Reached XP level 5. HP: 43/48 MP: 4/4
  2925 | D:5      | Entered Level 5 of the Dungeon
  2976 | D:5      | Noticed a sky beast
  2981 | D:5      | Killed a sky beast
  2981 | D:5      | Reached XP level 6. HP: 56/56 MP: 5/5
  3190 | D:5      | Reached skill level 5 in Axes
  3190 | D:5      | Reached skill level 1 in Dodging
  3210 | D:5      | Reached skill level 5 in Armour
  3570 | D:5      | Identified the +4 robe "Putsoor" {Stlth+} (You found it on
                  | level 4 of the Dungeon)
  3667 | D:5      | Found a staircase to the Ecumenical Temple.
  3695 | Temple   | Entered the Ecumenical Temple
  3958 | Temple   | Became a worshipper of Warmaster Okawaru
  4069 | D:5      | Found a radiant altar of Vehumet.
  4094 | D:5      | Reached XP level 7. HP: 33/62 MP: 6/6
  4331 | D:6      | Reached skill level 5 in Shields
  4386 | D:6      | Reached skill level 1 in Invocations
  4537 | D:6      | Killed from afar by an orc priest

Skill      XL: |  1  2  3  4  5  6  7 |
---------------+----------------------+-----
Shields        | 4 5 |  5.4
Fighting       | 4 5 6 |  6.2
Armour         | 4 5 |  5.8
Axes           | 3 4 5 6 |  6.4
Dodging        | 1 2 |  2.3
Invocations    | 1 |  1.3
Stealth        | |  0.2

Action                   |  1- 3 |  4- 6 |  7- 9 || total
-------------------------+-------+-------+-------++-------
Melee: War axe           |    89 |    79 |    53 ||   221
       Headbutt          |     8 |    14 |    15 ||    37
  Eat: Chunk             |     2 |     7 |     3 ||    12
Armor: Scale mail        |    33 |    23 |       ||    56
       Chain mail        |       |     7 |    25 ||    32
Dodge: Dodged            |    27 |    20 |    10 ||    57
Block: Shield            |    50 |    47 |    30 ||   127
